 Dungeon Crawl Stone Soup version 0.22-a0-271-gc000056 (webtiles) character file.

6953 neds the Markscentaur (level 10, -1/73 HPs)
             Began as a Centaur Hunter on Mar 9, 2018.
             Was an Initiate of Okawaru.
             Engulfed by a cloud of flame (6 damage)
             ... on level 1 of the Dungeon on Mar 10, 2018.
             The game lasted 01:53:17 (15714 turns).

neds the Markscentaur (Centaur Hunter)             Turns: 15714, Time: 01:53:17

Health: -1/73      AC:  5    Str: 14    XL:     10   Next: 80%
Magic:  10/10      EV:  9    Int: 10    God:    Okawaru [......]
Gold:   300        SH:  0    Dex: 14    Spells: 9/9 levels left

rFire    + . .     SeeInvis .   q - +0 blowgun
rCold    . . .     Gourm    .   (no shield)
rNeg     . . .     Faith    .   c - +0 leather armour
rPois    .         Spirit   .   (no helmet)
rElec    .         Reflect  .   (no cloak)
rCorr    .         Harm     .   j - +0 pair of gloves
MR       +....                  (no barding)
Stlth    +.........             (no amulet)
HPRegen  0.22/turn              m - ring of protection from magic
MPRegen  0.12/turn              h - ring of protection from fire

@: drained, very quick
A: large, hooves 3, deformed body, speed 2, tough skin 3
a: Renounce Religion


You were on level 1 of the Dungeon.
You worshipped Okawaru.
Okawaru was noncommittal.
You were hungry.

You visited 3 branches of the dungeon, and saw 13 of its levels.
You also visited: Sewer.

You collected 587 gold pieces.
You spent 287 gold pieces at shops.

Inventory:

Hand Weapons
 a - a +1 shortbow
 b - a +0 short sword
 p - a +1 mace of holy wrath
 q - a +0 blowgun (weapon)
Missiles
 r - 19 poisoned needles (quivered)
Armour
 c - a +0 leather armour (worn)
 j - a +0 pair of gloves (worn)
 n - a +0 cloak
 s - a +0 scale mail
Jewellery
 h - a ring of protection from fire (right hand)
 m - a ring of protection from magic (left hand)
 I - a +5 ring of intelligence
 K - an uncursed ring of flight
 L - an uncursed ring of wizardry
Wands
 v - a wand of paralysis (48)
 A - a wand of random effects (19)
 H - a wand of enslavement (18)
Scrolls
 k - 9 scrolls of teleportation
 l - a scroll of amnesia
 u - 3 scrolls of remove curse
 w - 2 scrolls of magic mapping
 y - 2 scrolls of random uselessness
 z - 3 scrolls of fog
 B - 3 scrolls of enchant weapon
 C - 11 scrolls of identify
 N - 2 scrolls of enchant armour {unknown}
 P - a scroll of summoning {unknown}
 Q - a scroll of vulnerability {unknown}
 R - a scroll of noise {unknown}
Potions
 e - a potion of magic {unknown}
 g - 7 potions of flight
 i - 2 potions of agility {unknown}
 o - 4 potions of degeneration {unknown}
 t - 7 potions of heal wounds {unknown}
 x - a potion of curing {unknown}
 D - a potion of resistance {unknown}
 E - a potion of haste {unknown}
 F - a potion of lignification {unknown}
 J - a potion of experience {unknown}
 M - 2 potions of cancellation {unknown}
 O - a potion of invisibility {unknown}
Comestibles
 f - 10 rations


   Skills:
 - Level 2.0(1.7) Fighting
 + Level 19.9(19.6) Bows
 - Level 1.3(1.1) Dodging
 - Level 0.4(0.2) Stealth


You had 9 spell levels left.
You didn't know any spells.

Dungeon Overview and Level Annotations

Branches:
Dungeon (11/15)            Temple (1/1) D:5            Lair (1/6) D:8
    Orc: D:9-12

Altars:
Ashenzari
Cheibriados
Dithmenos
Elyvilon
Fedhas
Gozag
Hepliaklqana
Kikubaaqudgha
Makhleb
Nemelex Xobeh
Okawaru
Qazlal
Ru
Sif Muna
Trog
Uskayaw
Vehumet
Wu Jian
Xom
Yredelemnul
Zin
The Shining One

Shops:
D:6 ?   D:7 (   D:9 :

Annotations:
Lair:1 grindst0ne's ghost, journeyman VSFi


Innate Abilities, Weirdness & Mutations

You have hooves in place of feet.
Armour fits poorly on your strangely shaped body.
You cover ground very quickly.
You have extremely tough skin. (AC +3)


Message History

You are engulfed in blazing flames.
You resist.
You are engulfed in blazing flames.
You resist.
Really walk into that cloud of flame? [Y]es or [N]o only, please.
Really walk into that cloud of flame? [Y]es or [N]o only, please.
Really walk into that cloud of flame? [Y]es or [N]o only, please.
Really walk into that cloud of flame? [Y]es or [N]o only, please.
Really walk into that cloud of flame?
You are engulfed in blazing flames.
You resist.
You are engulfed in blazing flames.
You resist.
* * * LOW HITPOINT WARNING * * *
You are engulfed in blazing flames.
You resist.
* * * LOW HITPOINT WARNING * * *
You are engulfed in blazing flames.
You resist.
* * * LOW HITPOINT WARNING * * *
You are engulfed in blazing flames.
You resist.
You die...

#.......'...# #.# #..#
##.......###.# #.# ##.#
#.....#####...# #.#######.####
#.....# #§§§# #.##..........
#.....# #§§§# #.##.#####.###
#.....# #§§§# #.##.# ###+###
#.....#####...#####.##.# #......
#......§§§..?%.§§§..##.# #......
#......§§§.[.?.@§§..##.# #......
###'##.§§§(??..§§§..##'###......
#.# #####...#####.#...........
#.# #§§§# #.#........... #.#
#§§§# #.#.....#####' #.### #§§§#
#.##'#### #.
#.#.#####...#####.#.....# ##
#.#.#.#(.####.#.#.#.....# ##
#.#.#.#(.# #.#.#.#.....# #.


There were no monsters in sight!

Vanquished Creatures
  2 two-headed ogres
  The ghost of ThereIsNoGod the Thaumaturge, a novice SpVM of Gozag (D:9)
  A spiny frog (D:8)
  4 hippogriffs
  4 yaks
  2 orc warriors
  A black bear (D:8)
  3 ice beasts
  A sky beast (D:6)
  4 ogres
  A necrophage (D:8)
  2 phantoms
  6 bullfrogs
  A water moccasin zombie (D:7)
  3 scorpions
  5 wights
  2 howler monkeys
  4 crimson imps
  5 hounds
  5 jellies
  An orc priest (D:6)
  2 bullfrog skeletons
  Crazy Yiuf (D:2)
  An iguana (D:8)
  5 orc wizards
  7 worker ants
  4 hell rats (Lair:1)
  Terence (D:3)
  A hound zombie (D:8)
  A worker ant zombie (D:7)
  16 adders
  3 gnolls (D:6)
  9 river rats
  2 shadow imps (D:7)
  9 oozes
  2 adder skeletons
  5 worms
  2 dart slugs
  16 leopard geckos
  15 orcs
  2 bats (D:1)
  16 giant cockroaches
  7 goblins
  7 hobgoblins
  13 jackals
  10 quokkas
  8 ball pythons
  9 frilled lizards
  A jackal skeleton (D:4)
  14 kobolds
  13 rats
260 creatures vanquished.

Vanquished Creatures (others)
  A kobold (D:1)
  7 plants
8 creatures vanquished.

Grand Total: 268 creatures vanquished

Notes
Turn   | Place    | Note
-------+----------+-------------------------------------------
     0 | D:1      | neds the Centaur Hunter began the quest for the Orb.
     0 | D:1      | Reached XP level 1. HP: 17/17 MP: 1/1
   619 | D:1      | Reached skill level 6 in Bows
   619 | D:1      | Reached XP level 2. HP: 24/24 MP: 2/2
  1267 | D:2      | Found an iron altar of Okawaru.
  1322 | D:2      | Upgraded the game from 0.22-a0-268-g1cc83ef to 0.22-a0-271-gc000056
  1385 | D:2      | Reached XP level 3. HP: 29/29 MP: 3/3
  1580 | D:2      | Reached skill level 7 in Bows
  1942 | D:2      | Reached XP level 4. HP: 36/36 MP: 4/4
  2152 | D:2      | Found a runed door.
  2156 | D:2      | Noticed Crazy Yiuf
  2195 | D:2      | Killed Crazy Yiuf
  2429 | D:3      | Reached skill level 8 in Bows
  2727 | D:3      | Reached XP level 5. HP: 41/41 MP: 5/5
  2737 | D:3      | Noticed Terence
  2743 | D:3      | Killed Terence
  2854 | D:3      | Reached skill level 9 in Bows
  3192 | D:3      | Found a glowing drain.
  3199 | Sewer    | Entered a sewer
  3248 | Sewer    | Reached XP level 6. HP: 48/48 MP: 6/6
  3560 | Sewer    | Reached skill level 10 in Bows
  4448 | D:4      | Reached skill level 11 in Bows
  4448 | D:4      | Reached XP level 7. HP: 54/55 MP: 7/7
  5272 | D:5      | Entered Level 5 of the Dungeon
  5450 | D:5      | Reached skill level 12 in Bows
  5575 | D:5      | Found a deep blue altar of Sif Muna.
  6124 | D:5      | Found a staircase to the Ecumenical Temple.
  6156 | Temple   | Entered the Ecumenical Temple
  6337 | D:5      | Reached XP level 8. HP: 61/61 MP: 8/8
  6698 | D:5      | Reached skill level 13 in Bows
  7034 | D:6      | Found Haet's Magic Scroll Shop.
  7039 | D:6      | Bought a scroll of fear for 49 gold pieces
  7039 | D:6      | Bought a scroll of teleportation for 42 gold pieces
  7040 | D:6      | Bought a scroll of remove curse for 42 gold pieces
  7040 | D:6      | Bought a scroll of magic mapping for 49 gold pieces
  7040 | D:6      | Bought a scroll of enchant weapon for 105 gold pieces
  7304 | D:6      | Reached skill level 14 in Bows
  7758 | D:6      | Found a glowing golden altar of the Shining One.
  7952 | D:6      | Reached skill level 15 in Bows
  8171 | D:7      | Found a stormy altar of Qazlal.
  8411 | D:7      | Reached XP level 9. HP: 67/67 MP: 9/9
  8440 | D:7      | Found an ornate altar of the Wu Jian Council.
  8912 | D:7      | Found Zirph's Weapon Emporium.
  9150 | D:7      | Noticed a two-headed ogre
  9208 | D:7      | Killed a two-headed ogre
  9208 | D:7      | Reached skill level 16 in Bows
  9442 | D:8      | Reached skill level 17 in Bows
  9535 | D:8      | Found a staircase to the Lair.
  9539 | D:8      | Found a hazy altar of Hepliaklqana.
  9884 | D:8      | Noticed a two-headed ogre
  9935 | D:8      | Killed a two-headed ogre
  9935 | D:8      | Reached skill level 18 in Bows
  9935 | D:8      | Reached XP level 10. HP: 73/73 MP: 10/10
 10217 | D:8      | Found a blossoming altar of Fedhas.
 10455 | D:8      | Found a bloodstained altar of Trog.
 10458 | D:8      | Found a glowing silver altar of Zin.
 10458 | D:8      | Found a blossoming altar of Fedhas.
 10458 | D:8      | Found a shattered altar of Ashenzari.
 10834 | D:9      | Found Collep's Book Shop.
 11074 | D:9      | Noticed ThereIsNoGod's ghost (novice SpVM)
 11102 | D:9      | Killed ThereIsNoGod's ghost
 11242 | D:8      | Reached skill level 19 in Bows
 11585 | D:2      | Became a worshipper of Warmaster Okawaru
 12140 | D:9      | Noticed a gargoyle
 12371 | Lair:1   | Entered Level 1 of the Lair of Beasts
 12822 | Lair:1   | Noticed a spiny frog
 12931 | D:8      | Killed a spiny frog
 13342 | Lair:1   | Noticed grindst0ne's ghost (journeyman VSFi)
 14557 | D:9      | You fall through a shaft for 2 floors!
 14616 | D:11     | Noticed a manticore
 14724 | D:11     | Noticed a brown ugly thing
 14733 | D:11     | HP: 2/73 [acid (8)]
 14746 | D:10     | Entered Level 10 of the Dungeon
 15252 | D:9      | Noticed a two-headed ogre
 15258 | D:9      | Noticed a two-headed ogre
 15714 | D:1      | Engulfed by a cloud of flame

Vault maps used:
D:1:      giann_horns, lemuel_flame_loot_1
D:2:      okawaru_gym_becter, grunt_ministairs_5, roderic_roman_lattice,
          minivault_14, st_stairs_7, minmay_misc_feat_diagonals,
          uniq_crazy_yiuf_cottage
D:3:      lemuel_upstairs_altar, lightli_sewer_entry_pipes, uniq_terence
D:5:      temple_doors_e, first_ration, st_stairs_9, led_sif_pool
D:6:      tso_metal_star, serial_shops, shop, kennysheep_dice
D:7:      lemuel_doored_altar, grunt_qazlal_sundering, serial_shops, shop
D:8:      grunt_temple_overflow_open, kennysheep_mini_moat, lair_entry_dummy,
          fedhas_altar_decomposition
D:9:      serial_shops, nicolae_shop_crystal
D:10:     grunt_ogre_cave, hangedman_abyss_or_decor_clamps
D:11:     erik_orc_2, serial_shops, nicolae_shop_behind_doors
Temple:   dshaligram_water_room_temple
Lair:1:   lemuel_ratsnest, grunt_megastairs_5, uniq_fannar
Sewer:    sewer_frog_island_02

Skill      XL: |  1  2  3  4  5  6  7  8  9 10 |
---------------+-------------------------------+-----
Bows           | 6 7 8 9 11 12 15 18 19 | 19.9
Fighting       | |  2.0
Dodging        | |  1.3
Stealth        | |  0.4

Action                   |  1- 3 |  4- 6 |  7- 9 | 10-12 || total
-------------------------+-------+-------+-------+-------++-------
 Fire: Shortbow          |   120 |   254 |   498 |   333 ||  1205
       Blowgun           |       |       |       |    35 ||    35
  Use: Scroll            |       |     2 |     6 |     3 ||    11
  Eat: Chunk             |     2 |     5 |    10 |     6 ||    23
       Ration            |       |       |     1 |     2 ||     3
Armor: Leather armour    |     6 |    27 |    15 |    17 ||    65
Dodge: Dodged            |    18 |    31 |    21 |    47 ||   117

Table legend:
 A = Spawn XP
 B = Non-spawn XP
 C = Spawn XP percentage of total XP
 D = Spawn monster count
 E = Non-spawn monster count
 F = Spawn count percentage of total count
 G = Total turns spent on level
                    A         B        C        D         E        F      G
               +---------+---------+-------+---------+---------+-------+---------
         Total |       0 |    9933 |   0.0 |       0 |     260 |   0.0 | 15714
               +---------+---------+-------+---------+---------+-------+---------
           D:1 |       0 |      29 |   0.0 |       0 |      15 |   0.0 |  1266
           D:2 |       0 |     117 |   0.0 |       0 |      28 |   0.0 |  1284
           D:3 |       0 |     223 |   0.0 |       0 |      31 |   0.0 |  1365
           D:4 |       0 |     184 |   0.0 |       0 |      14 |   0.0 |  1047
           D:5 |       0 |     883 |   0.0 |       0 |      18 |   0.0 |  1628
           D:6 |       0 |     877 |   0.0 |       0 |      19 |   0.0 |  1312
           D:7 |       0 |    1787 |   0.0 |       0 |      21 |   0.0 |  1698
           D:8 |       0 |    3065 |   0.0 |       0 |      25 |   0.0 |  2633
           D:9 |       0 |    1809 |   0.0 |       0 |      17 |   0.0 |  1046
          D:11 |       0 |      34 |   0.0 |       0 |       1 |   0.0 |   189
        Lair:1 |       0 |     562 |   0.0 |       0 |      21 |   0.0 |   818
         Sewer |       0 |     363 |   0.0 |       0 |      50 |   0.0 |   778
               +---------+---------+-------+---------+---------+-------+---------
